 Dungeon Crawl Stone Soup version 0.31.0-11-ge490571c62 (webtiles) character file.

Game seed: 7559816541363265600

61 Gadfly the Insei (level 3, 0/29 HPs)
             Began as a Demonspawn Monk on Feb 5, 2024.
             Slain by Ijyb
             ... wielding a +3 club
              (8 damage)
             ... on level 3 of the Dungeon.
             The game lasted 00:03:01 (1975 turns).

Gadfly the Insei (Demonspawn Monk)                  Turns: 1975, Time: 00:03:01

Health: 0/29       AC:  6    Str: 13    XL:     3   Next: 83%
Magic:  3/3        EV: 18    Int: 10    God:
Gold:   82         SH:  5    Dex: 15    Spells: 2/2 levels left

rFire   + .          .
                       - Unarmed
rCold   + . .        c - orb {light}
rNeg    . . .        a - +1 robe
rPois   +            (no helmet)
rElec   +            (no cloak)
rCorr   +            (no gloves)
SInv    .            (no boots)
Will    .....        j - amulet of reflection
Stlth   +            h - +5 ring of evasion
HPRegen 0.24/turn    (no ring)
MPRegen 0.08/turn

%: reflection
@: resistant, glowing
A: molten scales 2
a: no special abilities


You were on level 3 of the Dungeon.
You visited 1 branch of the dungeon, and saw 3 of its levels.

You collected 82 gold pieces.

Inventory:

Hand Weapons
 e - a +0 long sword
Armour
 a - a +1 robe (worn)
 c - an orb of light (worn)
Jewellery
 h - a +5 ring of evasion (left hand)
 j - an amulet of reflection (around neck)
Scrolls
 f - a scroll of identify
 g - 2 scrolls of enchant armour


   Skills:
 - Level 3.0 Fighting
 + Level 3.1 Dodging
 * Level 3.2 Unarmed Combat
 * Level 1.6 Evocations
 * Level 1.2 Shapeshifting


You had 2 spell levels left.
You didn't know any spells.
Your spell library contained the following spells:

 Spells                   Type           Power      Damage    Failure   Level
 Ensorcelled Hibernation  Hex/Ice        0%         N/A       50%         2
 Frozen Ramparts          Ice            0%         1d1       75%         3
 Ozocubu's Armour         Ice            0%         N/A       75%         3
 Cause Fear               Hex            0%         N/A       98%         4
 Dimensional Bullseye     Hex/Tloc       0%         N/A       98%         4
 Leda's Liquefaction      Alch/Erth      0%         N/A       98%         4
 Petrify                  Alch/Erth      0%         N/A       98%         4
 Metabolic Englaciation   Hex/Ice        0%         N/A       100%        5
 Summon Mana Viper        Hex/Summ       0%         N/A       100%        5
 Sculpt Simulacrum        Ice/Alch       0%         N/A       100%        6


Dungeon Overview and Level Annotations

Branches:
Dungeon (3/15)

Altars:

Shops:
D:1 [

Annotations:
D:3 Ijyb


Innate Abilities, Weirdness & Mutations

You are mostly covered in molten scales. (AC +3)


Message History

You see here a scroll of identify.
f - a scroll of identify Ijyb the Twisted Goblin comes into view.
She is wielding a +3 club and carrying a wand of quicksilver.
Ijyb shouts!
The endoplasm freezes you.
You are frozen.
You hit the endoplasm.
The endoplasm is severely wounded.
The endoplasm completely misses you.
You hit the endoplasm.
You kill the endoplasm!
Ijyb zaps a wand.
The bolt of dispelling energy hits you!
Ijyb zaps a wand.
The bolt of dispelling energy misses you.
Ijyb zaps a wand.
The bolt of dispelling energy hits you!
* * * LOW HITPOINT WARNING * * *
You are too injured to fight recklessly!
You are too injured to fight recklessly!
You are too injured to fight recklessly!
You are too injured to fight recklessly!
You are too injured to fight recklessly!
You are too injured to fight recklessly!
You are too injured to fight recklessly!
You are too injured to fight recklessly!
You are too injured to fight recklessly!
You are too injured to fight recklessly!
You are too injured to fight recklessly!
You are too injured to fight recklessly!
You are too injured to fight recklessly!
You are too injured to fight recklessly!
Unknown command.
You are confused.
You feel invigorated.
Ijyb zaps a wand.
The bolt of dispelling energy hits you!
Your magical effects are unravelling.
* * * LOW HITPOINT WARNING * * *
You feel protected.
You feel less invigorated.
You feel less confused. Ijyb hits you with a +3 club!
You die...

. ~P #. #♣♣~~
#.###.~P ##......♣♣
#........♣♣♣♣♣## .
##..............##
..#................#
.............@.....#
#............g....#
##....<...........#
#............)...#
#.............(..#
##..............##
#......##.....##
###############


You could see Ijyb.

Vanquished Creatures
  An adder (D:2)
  3 ball pythons
  8 bats
  4 endoplasms
  3 giant cockroaches
  3 goblins
  2 hobgoblins (D:1)
  3 jackals (D:1)
  5 kobolds
  4 quokkas
  9 rats
45 creatures vanquished.

Notes
Turn   | Place    | Note
-------+----------+-------------------------------------------
     0 | D:1      | Gadfly the Demonspawn Monk began the quest for the Orb.
     0 | D:1      | Reached XP level 1. HP: 18/18 MP: 1/1
    25 | D:1      | Found Hiphuts's Antique Armour Emporium.
   275 | D:1      | Gained mutation: You are partially covered in molten
                  | scales. (AC +2) [demonic ancestry]
   275 | D:1      | Reached XP level 2. HP: 21/24 MP: 2/2
   559 | D:1      | Reached skill level 1 in Evocations
   632 | D:1      | Gained mutation: You are mostly covered in molten scales.
                  | (AC +3) [demonic ancestry]
   632 | D:1      | Reached XP level 3. HP: 29/29 MP: 3/3
   686 | D:1      | Found a faded altar of an unknown god.
   744 | D:1      | Reached skill level 1 in Shapeshifting
  1284 | D:2      | Got the Catalogue of Bewitchment
  1968 | D:3      | Noticed Ijyb
  1975 | D:3      | Slain by Ijyb

Illustrated notes

Levels and vault maps discovered:
D:1:      doesnt_arrival_eight_statues, layout_loops_corners,
          ebering_ecumenical_altar_hall, serial_shops, shop, minmay_quantized
D:2:      layout_basic
D:3:      layout_rooms, overflow_temple_1_default, serial_bayou_ford_a,
          minmay_strange_pillars, minmay_cupped, uniq_robin, uniq_ijyb

Skill      XL: |  1  2  3 |
---------------+----------+-----
Evocations     | 1 |  1.6
Unarmed Combat | 3 |  3.2
Dodging        | 3 |  3.1
Shapeshifting  | 1 |  1.2
Fighting       | |  3.0

Action                     || total
---------------------------++-------
  Melee: Unarmed           ||   155
    Use: Scroll            ||     5
         Potion            ||     3
 Armour: Robe              ||    63
  Dodge: Dodged            ||   122
